 Dungeon Crawl Stone Soup version 0.28.0-53-g5a82cb258f (webtiles) character file.

Game seed: 2378988922539417212

4 PentaManta the Insei (level 1, -3/15 HPs)
             Began as a Merfolk Transmuter on June 5, 2022.
             Slain by a kobold
             ... wielding a +0 short sword
              (5 damage)
             ... on level 1 of the Dungeon.
             The game lasted 00:00:56 (144 turns).

PentaManta the Insei (Merfolk Transmuter)            Turns: 144, Time: 00:00:57

Health: -3/15      AC:  2    Str: 10    XL:     1   Next: 70%
Magic:  1/3        EV: 12    Int: 12    God:
Gold:   31         SH:  0    Dex: 14    Spells: 3/4 levels left

rFire   . . .      SeeInvis .     - Unarmed
rCold   . . .      Faith    .   (no shield)
rNeg    . . .      Spirit   .   a - +0 robe
rPois   .          Reflect  .   (helmet currently unavailable)
rElec   .          Harm     .   (no cloak)
rCorr   .          Rampage  .   (no gloves)
Will    .....                   (boots currently unavailable)
Stlth   +.........              (no amulet)
HPRegen 0.05/turn               (no ring)
MPRegen 0.08/turn               (no ring)

@: appendages, very slightly contaminated
A: horns 2, (nimble swimmer 2), mertail
a: End Transformation


You were on level 1 of the Dungeon.
You had temporarily grown beastly horns.
You visited 1 branch of the dungeon, and saw 1 of its levels.

You collected 31 gold pieces.

Inventory:

Armour
 a - a +0 robe (worn)
Potions
 b - a potion of attraction {unknown}
 c - 2 potions of haste {unknown}


   Skills:
 - Level 1.2 Fighting
 - Level 2.7 Dodging
 - Level 3.3 Unarmed Combat
 - Level 2.0 Spellcasting
 + Level 3.0 Transmutations


You had 3 spell levels left.
You knew the following spells:

 Your Spells              Type           Power      Damage    Failure   Level
a - Beastly Appendage     Tmut           16%        N/A       8%          1

Your spell library contained the following spells:

 Spells                   Type           Power      Damage    Failure   Level
 Wereblood                Tmut           8%         N/A       12%         2
 Spider Form              Tmut/Pois      4%         N/A       41%         3
 Ice Form                 Ice/Tmut       4%         N/A       82%         4


Dungeon Overview and Level Annotations

Branches:
Dungeon (1/15)

Altars:


Innate Abilities, Weirdness & Mutations

You have temporarily grown beastly horns.
((You are very nimble when in or above water. (Stealth+, EV+, Speed+++)))
Your lower body shifts to a powerful aquatic tail in water.


Message History

The kobold shouts!
You hear a shout! x2
The kobold shouts!
The kobold throws a stone.
The stone completely misses you.
The kobold throws a stone.
The stone barely misses you.
A kobold comes into view. It is wielding a +0 club.
A bat comes into view.
The kobold shouts!
The bat misses you.
Casting: Beastly Appendage (safe; 9% risk of failure)
Confirm with . or Enter, or press ? or * to list all spells.
You miscast Beastly Appendage.
You are very lightly contaminated with residual magic.
Nothing appears to happen.
The bat hits you but does no damage. The bat closely misses you.
A kobold comes into view. It is wielding a +0 dagger.
The goblin hits you but does no damage. The bat closely misses you.
Casting: Beastly Appendage (safe; 9% risk of failure)
Confirm with . or Enter, or press ? or * to list all spells.
You grow a pair of large bovine horns.
The bat hits you but does no damage. x2
The goblin hits you with a +0 dagger.
You hit the goblin.
You kill the goblin!
The bat misses you. The bat hits you but does no damage.
Your Transmutations skill increases to level 3!
You completely miss the kobold. The bat hits you but does no damage.
The bat completely misses you.
The kobold hits you with a +0 short sword.
You hit the kobold.
You kill the kobold!
The bat closely misses you. The bat hits you.
The kobold throws a stone.
The stone hits you but does no damage. The bat hits you.
The kobold hits you with a +0 short sword.
* * * LOW HITPOINT WARNING * * *
Items here: )) ††.
You closely miss the kobold. Your headbutt misses the kobold. The bat hits you.
* * * LOW HITPOINT WARNING * * *
The bat misses you. The bat closely misses you.
The kobold hits you with a +0 short sword.
You die...

....##............##......#...
....##............##......#.#.
...........##.........##.... .
.........##.............# .
....................##.####.
................)........†..
..######.##.###......#.####.
.. #.##K# #...##.### . #.##@#
#.(.##.# . #.##b# #...##.# #
#.##K# ######.. ....K# ...
...# .... ....# .... .....#
#..... ......# ########


You could see a bat and 3 kobolds.

Vanquished Creatures
  2 goblins (D:1)
  2 kobolds (D:1)
  A ball python (D:1)
5 creatures vanquished.

Notes
Turn   | Place    | Note
-------+----------+-------------------------------------------
     0 | D:1      | PentaManta the Merfolk Transmuter began the quest for the
                  | Orb.
     0 | D:1      | Reached XP level 1. HP: 15/15 MP: 3/3
   144 | D:1      | Slain by a kobold

Illustrated notes

Levels and vault maps discovered:
D:1:      dpeg_arrival_stonehenge_8_columns, layout_rooms, st_stairs_11

Skill      XL: |  1 |
---------------+----+-----
Transmutations | 3 |  3.0
Fighting       | |  1.2
Dodging        | |  2.7
Unarmed Combat | |  3.3
Spellcasting   | |  2.0

Action                   || total
-------------------------++-------
Melee: Unarmed           ||     9
 Cast: Beastly Appendage ||     2
Armor: Robe              ||     8
Dodge: Dodged            ||    12
